 Dungeon Crawl Stone Soup version 0.29.1-1-gd02db6906a (webtiles) character file.

Game seed: 12030893318446388392

1621 sanka the Ruffian (level 8, -1/68 HPs)
             Began as a Gnoll Cinder Acolyte on Sept 20, 2022.
             Was a High Priest of Ignis.
             Slain by an orc warrior
             ... wielding a +0 battleaxe
              (18 damage)
             ... on level 7 of the Dungeon.
             The game lasted 00:09:12 (7331 turns).

sanka the Ruffian (Gnoll Cinder Acolyte)            Turns: 7331, Time: 00:09:13

Health: -1/68      AC: 13    Str: 14    XL:     8   Next: 96%
Magic:  5/15       EV: 12    Int: 13    God:    Ignis [*****.]
Gold:   267        SH:  0    Dex: 10    Spells: 9/16 levels left

rFire   + . .      SeeInvis .     - Unarmed
rCold   . . .      Faith    .   (no shield)
rNeg    . . .      Spirit   .   a - +0 robe
rPois   .          Reflect  .   (no helmet)
rElec   .          Harm     .   m - scarf {shadows}
rCorr   .          Rampage  .   (no gloves)
Will    .....                   (no boots)
Stlth   ++........              C - amulet of magic regeneration
HPRegen 0.21/turn               w - ring of wizardry
MPRegen 0.54/turn               t - +4 ring of protection

@: fiery-armoured
A: fangs 1, strong nose, distributed training
a: Renounce Religion, Fiery Armour, Foxfire Swarm, Rising Flame


You were on level 7 of the Dungeon.
You worshipped Ignis.
Ignis was extremely pleased with you.
You visited 1 branch of the dungeon, and saw 7 of its levels.

You collected 267 gold pieces.


Innate Abilities, Weirdness & Mutations

You have very sharp teeth.
Your uncanny sense of smell can sniff out nearby items.
Your experience applies equally to all skills.


   Skills:
 + Level 7.7 Fighting
 + Level 3.9 Short Blades
 + Level 3.9 Long Blades
 + Level 3.9 Axes
 + Level 3.9 Maces & Flails
 + Level 3.9 Polearms
 + Level 3.9 Staves
 + Level 3.9 Ranged Weapons
 + Level 3.9 Throwing
 + Level 3.9 Armour
 + Level 3.9 Dodging
 + Level 3.9 Stealth
 + Level 3.9 Shields
 + Level 7.7 Unarmed Combat
 + Level 4.8 Spellcasting
 + Level 3.2 Conjurations
 + Level 3.2 Hexes
 + Level 3.2 Summonings
 + Level 3.2 Necromancy
 + Level 3.2 Translocations
 + Level 3.2 Transmutations
 + Level 6.4 Fire Magic
 + Level 3.2 Ice Magic
 + Level 3.2 Air Magic
 + Level 3.2 Earth Magic
 + Level 3.2 Poison Magic
 + Level 4.2 Invocations
 + Level 3.9 Evocations


You had 9 spell levels left.
You knew the following spells:

 Your Spells              Type           Power      Damage    Failure   Level
y - Scorch                Fire           38%        2d6       1%          2
z - Stone Arrow           Conj/Erth      22%        3d8       6%          3
Z - Static Discharge      Conj/Air       11%        3-5/arc   3%          2

Your spell library contained the following spells:

 Spells                   Type           Power      Damage    Failure   Level
 Apportation              Tloc           22%        N/A       1%          1
 Sandblast                Erth           22%        2d7       1%          1
 Summon Small Mammal      Summ           44%        N/A       1%          1
 Passwall                 Tmut/Erth      9%         N/A       3%          2
 Call Canine Familiar     Summ           11%        N/A       6%          3
 Summon Guardian Golem    Hex/Summ       11%        N/A       6%          3
 Animate Armour           Summ/Erth      22%        N/A       21%         4
 Alistair's Intoxication  Tmut/Pois      7%         N/A       45%         5
 Blade Hands              Tmut           5%         N/A       45%         5
 Lightning Bolt           Conj/Air       5%         1d17      45%         5
 Iron Shot                Conj/Erth      5%         9d2       95%         6
 Maxwell's Capacitive Co  Air            5%         ∞         100%        8

Inventory:

Hand Weapons
 b - a +4 dagger
Armour
 a - a +0 robe (worn)
 m - a scarf of shadows (worn)
 z - a +0 leather armour of willpower
Magical Staves
 n - a staff of fire
Jewellery
 t - a +4 ring of protection (right hand)
 w - a ring of wizardry (left hand)
 C - an amulet of magic regeneration (around neck)
Wands
 o - a wand of flame (12)
 s - a wand of paralysis (10)
 B - a wand of iceblast (7)
Scrolls
 c - 3 scrolls of poison {!r}
 g - a scroll of enchant armour
 i - a scroll of immolation {!r}
 k - 3 scrolls of fear
 l - 2 scrolls of blinking
 q - a scroll of vulnerability {!r}
 v - a scroll of teleportation {unknown}
 y - a scroll of torment {unknown}
 A - a scroll of fog
 E - a scroll of enchant weapon {unknown}
 F - a scroll of magic mapping {unknown}
Potions
 d - 4 potions of curing {unknown}
 e - 3 potions of berserk rage {unknown}
 f - 2 potions of might {unknown}
 h - a potion of haste {unknown}
 j - 3 potions of degeneration {unknown}
 p - a potion of ambrosia {unknown}
 r - a potion of flight {unknown}
 u - a potion of attraction {unknown}
 x - a potion of heal wounds {unknown}
 D - a potion of lignification {unknown}

Dungeon Overview and Level Annotations

Branches:
Dungeon (7/15)             Temple (0/1) D:5

Altars:
Elyvilon
Makhleb
Sif Muna
Uskayaw

Shops:
D:1 *   D:3 *

Annotations:
D:6 2 runed translucent doors

▒.▒.. ▒...▒ ▒.▒.▒ ▒
...o. ∆ .▒ ...▒ ..▒
▒.▒▒ ▒..▒▒
▒..▒▒▒▒▒....▒
..▒▒▒▒▒▒▒▒...........
~.....go)[.....▒▒
≈(▒▒▒▒▒▒▒▒.▒▒.▒▒
▒.▒▒.▒ ▒.▒▒.▒
▒▒▒.▒▒.▒ ..▒..▒.▒ ∆
▒[▒▒.▒.▒ ▒.▒▒.▒.▒
▒.▒▒.▒.▒


You could see an orc warrior.


Message History

The iguana attacks as you move away! The iguana bites you.
Use which ability? (? or * to list)
A protective cloak of flame settles atop you.
The iguana hisses menacingly.
The iguana barely misses you.
Flames lash the iguana.
The iguana is moderately wounded.
The iguana's fire resistance burns away.
The orc warrior is no longer more vulnerable to fire.
The iguana bites you.
Flames lash the iguana.
The iguana is burned terribly!
The iguana is severely wounded.
The orc wizard mumbles some strange words.
The orc wizard flickers and vanishes!
The iguana bites you!
* * * LOW HITPOINT WARNING * * *
The iguana is burned terribly!
The iguana is burned by your cloak of flames.
You kill the iguana!
Flames lash something.
The orc warrior hits you with a +0 battleaxe!
* * * LOW HITPOINT WARNING * * *
Unknown command.
Flames lash something.
Reactivating autopickup.
You feel a bit more experienced.
The orc warrior hits you with a +0 battleaxe!!
You die...

Action                   |  1- 3 |  4- 6 |  7- 9 || total
-------------------------+-------+-------+-------++-------
Melee: Unarmed           |    55 |    24 |    12 ||    91
       Bite              |     4 |     3 |     3 ||    10
       Punch             |     1 |       |     1 ||     2
       Dagger            |       |     1 |     1 ||     2
 Cast: Scorch            |    12 |    51 |    89 ||   152
Invok: Fiery Armour      |       |       |     2 ||     2
  Use: Scroll            |       |     4 |     3 ||     7
 Stab: Sleeping          |       |     2 |     1 ||     3
Armor: Robe              |     4 |     2 |    18 ||    24
Dodge: Dodged            |    30 |    15 |    31 ||    76

Levels and vault maps discovered:
D:1:      wander_arrival_lonely_grave, layout_loops_ring,
          shapermc_ecumenical_altar_pompeii, serial_shops, shop_statue,
          minivault_26
D:2:      layout_rooms
D:3:      layout_loops_corners, mainiacjoe_overflow_alcove_1, serial_shops,
          nicolae_shop_statue_plus
D:4:      layout_layer_cave, nicolae_uskayaw_en_pointe
D:5:      layout_cave_pools, nicolae_sif_muna_condensation,
          minmay_temple_entry_mist, kennysheep_nub, cheibrodos_gnoll_hut
D:6:      layout_basic, nicolae_overflow_hidden_temple, jmf_multi_god_temple2,
          uniq_eustachio
D:7:      layout_loops_ring, overflow_temple_1_default, fedhas_altar_2,
          tso_oasis_becter, kennysheep_little_box, minmay_checkerbox,
          uniq_joseph

Notes
Turn   | Place    | Note
-------+----------+-------------------------------------------
     0 | D:1      | sanka the Gnoll Cinder Acolyte began the quest for the Orb.
     0 | D:1      | Reached XP level 1. HP: 23/23 MP: 4/4
   158 | D:1      | Found Yfuob's Assorted Antiques.
   234 | D:1      | Reached XP level 2. HP: 18/29 MP: 5/5
   237 | D:1      | Learned a level 2 spell: Scorch
   530 | D:1      | Found a faded altar of an unknown god.
  1156 | D:2      | Reached XP level 3. HP: 35/35 MP: 1/7
  1443 | D:2      | Reached skill level 1 in Invocations
  1447 | D:2      | Reached skill level 1 in Short Blades
  1447 | D:2      | Reached skill level 1 in Long Blades
  1447 | D:2      | Reached skill level 1 in Axes
  1447 | D:2      | Reached skill level 1 in Maces & Flails
  1447 | D:2      | Reached skill level 1 in Polearms
  1447 | D:2      | Reached skill level 1 in Staves
  1447 | D:2      | Reached skill level 1 in Ranged Weapons
  1447 | D:2      | Reached skill level 1 in Throwing
  1447 | D:2      | Reached skill level 1 in Armour
  1447 | D:2      | Reached skill level 1 in Dodging
  1447 | D:2      | Reached skill level 1 in Stealth
  1447 | D:2      | Reached skill level 1 in Shields
  1447 | D:2      | Reached skill level 1 in Evocations
  1740 | D:2      | Reached XP level 4. HP: 41/41 MP: 8/8
  2055 | D:3      | Reached skill level 3 in Spellcasting
  2087 | D:3      | Found Lirur's General Store.
  2214 | D:3      | Reached skill level 1 in Conjurations
  2214 | D:3      | Reached skill level 1 in Hexes
  2214 | D:3      | Reached skill level 1 in Summonings
  2214 | D:3      | Reached skill level 1 in Necromancy
  2214 | D:3      | Reached skill level 1 in Translocations
  2214 | D:3      | Reached skill level 1 in Transmutations
  2214 | D:3      | Reached skill level 1 in Ice Magic
  2214 | D:3      | Reached skill level 1 in Air Magic
  2214 | D:3      | Reached skill level 1 in Earth Magic
  2214 | D:3      | Reached skill level 1 in Poison Magic
  3175 | D:3      | Found a white marble altar of Elyvilon.
  3396 | D:4      | Reached XP level 5. HP: 47/47 MP: 9/9
  3679 | D:4      | Noticed a +0 dagger
  3679 | D:4      | Noticed a +0 spear
  3679 | D:4      | Noticed a +0 falchion
  3681 | D:4      | Noticed a +0 falchion
  3682 | D:4      | Noticed a +0 dagger
  3682 | D:4      | Noticed a +0 short sword
  3682 | D:4      | Noticed a +0 short sword
  3682 | D:4      | Noticed a +0 spear
  3969 | D:4      | Reached skill level 2 in Invocations
  3969 | D:4      | Reached XP level 6. HP: 53/53 MP: 1/11
  4126 | D:4      | Reached skill level 2 in Short Blades
  4126 | D:4      | Reached skill level 2 in Long Blades
  4126 | D:4      | Reached skill level 2 in Axes
  4126 | D:4      | Reached skill level 2 in Maces & Flails
  4126 | D:4      | Reached skill level 2 in Polearms
  4126 | D:4      | Reached skill level 2 in Staves
  4126 | D:4      | Reached skill level 2 in Ranged Weapons
  4126 | D:4      | Reached skill level 2 in Throwing
  4126 | D:4      | Reached skill level 2 in Armour
  4126 | D:4      | Reached skill level 2 in Dodging
  4126 | D:4      | Reached skill level 2 in Stealth
  4126 | D:4      | Reached skill level 2 in Shields
  4126 | D:4      | Reached skill level 2 in Evocations
  4422 | D:4      | Found a hide-covered altar of Uskayaw.
  4582 | D:5      | Entered Level 5 of the Dungeon
  4776 | D:5      | Found a staircase to the Ecumenical Temple.
  4835 | D:5      | Found a shimmering blue altar of Sif Muna.
  4892 | D:5      | Reached skill level 7 in Fighting
  4892 | D:5      | Reached skill level 7 in Unarmed Combat
  4892 | D:5      | Reached XP level 7. HP: 57/60 MP: 6/12
  5054 | D:5      | Reached skill level 2 in Conjurations
  5054 | D:5      | Reached skill level 2 in Hexes
  5054 | D:5      | Reached skill level 2 in Summonings
  5054 | D:5      | Reached skill level 2 in Necromancy
  5054 | D:5      | Reached skill level 2 in Translocations
  5054 | D:5      | Reached skill level 2 in Transmutations
  5054 | D:5      | Reached skill level 2 in Ice Magic
  5054 | D:5      | Reached skill level 2 in Air Magic
  5054 | D:5      | Reached skill level 2 in Earth Magic
  5054 | D:5      | Reached skill level 2 in Poison Magic
  5357 | D:4      | HP: 2/60 [ogre/+0 giant club (27)]
  5360 | D:4      | Reached skill level 4 in Spellcasting
  5360 | D:4      | Reached skill level 3 in Invocations
  5872 | D:5      | Reached skill level 6 in Fire Magic
  5932 | D:5      | Reached skill level 3 in Short Blades
  5932 | D:5      | Reached skill level 3 in Long Blades
  5932 | D:5      | Reached skill level 3 in Axes
  5932 | D:5      | Reached skill level 3 in Maces & Flails
  5932 | D:5      | Reached skill level 3 in Polearms
  5932 | D:5      | Reached skill level 3 in Staves
  5932 | D:5      | Reached skill level 3 in Ranged Weapons
  5932 | D:5      | Reached skill level 3 in Throwing
  5932 | D:5      | Reached skill level 3 in Armour
  5932 | D:5      | Reached skill level 3 in Dodging
  5932 | D:5      | Reached skill level 3 in Stealth
  5932 | D:5      | Reached skill level 3 in Shields
  5932 | D:5      | Reached skill level 3 in Evocations
  5932 | D:5      | Reached XP level 8. HP: 66/67 MP: 2/14
  6395 | D:6      | Noticed Eustachio
  6455 | D:6      | Killed Eustachio
  6548 | D:6      | Learned a level 2 spell: Static Discharge
  6552 | D:6      | Learned a level 3 spell: Stone Arrow
  6912 | D:6      | Found a large runed translucent door.
  6913 | D:6      | Found a large runed translucent door.
  6987 | D:6      | Reached skill level 3 in Conjurations
  6987 | D:6      | Reached skill level 3 in Hexes
  6987 | D:6      | Reached skill level 3 in Summonings
  6987 | D:6      | Reached skill level 3 in Necromancy
  6987 | D:6      | Reached skill level 3 in Translocations
  6987 | D:6      | Reached skill level 3 in Transmutations
  6987 | D:6      | Reached skill level 3 in Ice Magic
  6987 | D:6      | Reached skill level 3 in Air Magic
  6987 | D:6      | Reached skill level 3 in Earth Magic
  6987 | D:6      | Reached skill level 3 in Poison Magic
  6987 | D:6      | Reached skill level 4 in Invocations
  7074 | D:6      | Found a burning altar of Makhleb.
  7331 | D:7      | Slain by an orc warrior

Vanquished Creatures
  Eustachio (D:6)
  3 ice beasts
  A sky beast (D:6)
  An ogre (D:4)
  A centaur (D:7)
  A phantom (D:5)
  A scorpion (D:4)
  A howler monkey (D:6)
  8 hounds
  4 jellies (D:5)
  An orc priest (D:5)
  8 iguanas
  3 orc wizards
  4 gnolls
  5 adders
  2 ufetubi
  A dart slug (D:1)
  5 orcs
  6 ball pythons
  4 endoplasms
  4 giant cockroaches
  7 goblins
  9 hobgoblins
  4 quokkas
  A bat (D:3)
  2 frilled lizards (D:3)
  7 kobolds
  A rat (D:3)
96 creatures vanquished.
